 Dungeon Crawl Stone Soup version 0.22-a0-533-g4d20840 (webtiles) character file.

4571 Amnesiac the Prestidigitator (level 10, -14/47 HPs)
             Began as a Spriggan Abyssal Knight on June 23, 2018.
             Was a Priest of Lugonu.
             Demolished by a great orb of eyes (19 damage)
             ... while paralysed by a great orb of eyes
             ... on level 3 of the Abyss.
             The game lasted 00:27:04 (10340 turns).

Amnesiac the Prestidigitator (SpAK)                Turns: 10340, Time: 00:27:04

Health: -14/47     AC:  3    Str: 17    XL:     10   Next: 18%
Magic:  26/26      EV:  4    Int: 13    God:    Lugonu [***...]
Gold:   490        SH:  0    Dex: 17    Spells: 2/9 levels left

rFire    . . .     SeeInvis +   a - +1 dagger (venom)
rCold    . . .     Gourm    .   j - +0 buckler
rNeg     . . .     Faith    .   D - -1 robe (curse)
rPois    .         Spirit   .   d - +2 hat
rElec    .         Reflect  .   (no cloak)
rCorr    .         Harm     .   (gloves unavailable)
MR       +....                  (boots unavailable)
Stlth    ++++......             (no amulet)
HPRegen  0.15/turn              J - ring of magical power
MPRegen  0.20/turn              l - +6 ring of strength

@: paralysed, very quick
A: very small, unfitting armour, see invisible, herbivore, speed 3, slow
metabolism 2
a: Depart the Abyss, Bend Space, Banish, Renounce Religion


You were on level 3 of the Abyss.
You worshipped Lugonu.
Lugonu was most pleased with you.
You were not hungry.

You visited 2 branches of the dungeon, and saw 9 of its levels.
You visited the Abyss 2 times.

You collected 490 gold pieces.

Inventory:

Hand Weapons
 a - a +1 dagger of venom (weapon)
 b - a +1 dagger of speed
 g - a +2 spear of venom
 k - a +3 shortbow
 u - the +8 hand axe "Duuguxer" {flame, rN+ SInv}
   (You took it off a crimson imp on level 5 of the Dungeon)

   It has been specially enchanted to burn those struck by it, causing extra
   injury to most foes and up to half again as much damage against particularly
   susceptible opponents.
   Big, fiery blades are also staple armaments of hydra-hunters.
   It protects you from negative energy.
   It lets you see invisible.
 G - a +2 shortbow of flaming
Missiles
 F - a throwing net (quivered)
 H - 297 arrows
Armour
 d - a +2 hat (worn)
 h - a +1 robe
 j - a +0 buckler (worn)
 D - a cursed -1 robe (worn)
Jewellery
 e - a +6 ring of intelligence
 l - a +6 ring of strength (right hand)
 w - a +5 ring of strength
 J - a ring of magical power (left hand)
Wands
 q - a wand of iceblast (8)
 r - a wand of digging (49)
 s - a wand of polymorph (24)
 v - a wand of paralysis (15)
 y - a wand of enslavement (8)
 E - a wand of acid (1)
Scrolls
 n - 2 scrolls of enchant weapon {!r}
 o - 3 scrolls of enchant armour {!r}
 p - a scroll of amnesia {!r}
 t - a scroll of fear {!r}
 C - 3 scrolls of teleportation {!r}
Potions
 f - 2 potions of brilliance {!q}
 m - a potion of mutation {!q}
 z - a potion of flight {!q}
 A - 2 potions of agility {!q}
 B - a potion of curing {!q, unknown}
Comestibles
 c - 7 rations


   Skills:
 - Level 2.4 Fighting
 - Level 8.3 Short Blades
 - Level 7.5 Dodging
 - Level 8.2 Stealth
 * Level 6.2 Shields
 + Level 0.0 Spellcasting
 - Level 2.0 Invocations
 - Level 9.1 Evocations


You had 2 spell levels left.
You knew the following spells:

 Your Spells              Type           Power        Failure   Level  Hunger
a - Apportation           Tloc           #.....       32%         1    ##.....
e - Mephitic Cloud        Conj/Pois/Air  #.......     69%         3    ####...
v - Blink                 Tloc           N/A          45%         2    ###....
z - Confusing Touch       Hex            #.....       32%         1    ##.....

Your spell library contained the following spells:

 Spells                   Type           Power        Failure   Level  Hunger
 Magic Dart               Conj           #...         32%         1    ##.....
 Conjure Flame            Conj/Fire      #.......     69%         3    ####...
 Slow                     Hex            #.......     45%         2    ###....
 Confuse                  Hex            #.......     69%         3    ####...
 Summon Small Mammal      Summ           #...         32%         1    ##.....
 Animate Skeleton         Necr           N/A          32%         1    ##.....
 Call Imp                 Summ           #.......     45%         2    ###....
 Tukima's Dance           Hex            #.......     69%         3    ####...
 Ensorcelled Hibernation  Hex/Ice        #.....       45%         2    ###....
 Corona                   Hex            #......      32%         1    ##.....
 Dazzling Spray           Conj/Hex       #.....       69%         3    ####...


Dungeon Overview and Level Annotations

Branches:
Dungeon (8/15)             Temple (1/1) D:6
   Lair: D:8-11

Altars:
Cheibriados
Dithmenos
Elyvilon
Fedhas
Gozag
Hepliaklqana
Kikubaaqudgha
Makhleb
Nemelex Xobeh
Okawaru
Ru
Sif Muna
Trog
Vehumet
Wu Jian
Xom
Yredelemnul
Zin
The Shining One
Lugonu


Innate Abilities, Weirdness & Mutations

You are very small and have problems with some larger weapons.
You are too small for most types of armour.
You have supernaturally acute eyesight. (SInv)
You are a herbivore.
You cover ground extremely quickly.
You need to consume almost no food.


Message History

Press: ? - help, Shift-Dir - straight line, f - great orb of eyes
Aim: a great orb of eyes (lightly wounded, poisoned, chance to defeat MR: 3%)
Okay, then.
You hit the great orb of eyes but do no damage.
The great orb of eyes is lightly wounded.
You hit the great orb of eyes.
The great orb of eyes looks even sicker.
The great orb of eyes is moderately wounded.
You block the great orb of eyes's attack.
You hit the great orb of eyes but do no damage.
The great orb of eyes is lightly wounded.
The great orb of eyes gazes at you.
You suddenly lose the ability to move!
The great orb of eyes bites you.
* * * LOW HITPOINT WARNING * * *
The great orb of eyes bites you.
* * * LOW HITPOINT WARNING * * *
The great orb of eyes gazes at you.
You easily resist.
The great orb of eyes gazes at you.
You easily resist.
You can move again.
Unknown command.
Unknown command.
Unknown command.
You hit the great orb of eyes but do no damage.
The great orb of eyes is moderately wounded.
You hit the great orb of eyes.
The great orb of eyes is moderately wounded.
The great orb of eyes bites you but does no damage.
You barely miss the great orb of eyes.
The great orb of eyes is moderately wounded.
You hit the great orb of eyes.
The great orb of eyes is moderately wounded.
The great orb of eyes bites you.
* * * LOW HITPOINT WARNING * * *
You hit the great orb of eyes but do no damage.
The great orb of eyes looks even sicker.
The great orb of eyes is moderately wounded.
Okay, then.
Evoke which item? (* to show all) (? for menu, Esc to quit)
Aiming: Enslavement
Press: ? - help, Shift-Dir - straight line, f - large abomination
Aim: a large abomination (chance to defeat MR: 10%)
The large abomination resists with almost no effort.
The great orb of eyes gazes at you.
You easily resist.
Evoke which item? (* to show all) (? for menu, Esc to quit)
Aiming: Enslavement
Press: ? - help, Shift-Dir - straight line, p - large abomination Nothing appears to happen.
The great orb of eyes bites you!
* * * LOW HITPOINT WARNING * * *
Really quaff
x - a potion of cancellation {!q}?
Your magical effects are unravelling.
You feel magically purged.
You feel less wooden.
You block the great orb of eyes's attack.
The large abomination completely misses you.
The great orb of eyes gazes at you.
You suddenly lose the ability to move!
The great orb of eyes bites you.
* * * LOW HITPOINT WARNING * * *
The great orb of eyes bites you!!
You die...

.#. ##.. ... ##
# ..## #. .
#.#..# . # ....#
##.# ###.#.
###.##...# . .
..#....#.#G@...#
X#. .. #
##...X###...#
..... ..#...#.#
#.# .# ## .#
#.##.#### # . .
..#..##.. # #
.#.#..... .... #
.. ### # ### # #
.#. . # . . #


You could see a great orb of eyes and a large abomination.

Vanquished Creatures
  The ghost of Zorot the Fighter, a novice DsCK of Xom (D:7)
  Pikel (D:5)
  Joseph (D:7)
  Grinder (D:2)
  Sigmund (D:3)
  A fire bat (Abyss:3)
  An ice beast (D:7)
  3 orc warriors
  A phantom (D:5)
  An ogre (D:6)
  8 centaurs (D:6)
  Blork the orc (D:4)
  A bullfrog (D:7)
  2 scorpions
  6 howler monkeys
  4 crimson imps
  A quasit (D:5)
  An iron imp (D:6)
  2 orc priests (D:6)
  4 hounds
  Jessica (D:2)
  Ijyb (D:4)
  Terence (D:2)
  An iguana (D:4)
  4 orc wizards
  4 worker ants
  2 killer bee zombies
  Robin (D:4)
  A worker ant zombie (D:6)
  7 gnolls
  10 adders
  A shadow imp (D:5)
  2 oozes
  2 adder skeletons
  An adder zombie (D:7)
  3 worms
  3 dart slugs (D:1)
  11 leopard geckos
  23 orcs
  5 giant cockroaches
  22 goblins
  14 hobgoblins
  20 jackals
  6 kobolds
  5 quokkas
  2 ball pythons
  6 bats
  3 frilled lizards
  A giant cockroach zombie (D:5)
  A jackal skeleton (D:6)
  A quokka skeleton (D:7)
  7 rats
214 creatures vanquished.

Vanquished Creatures (others)
  A jackal (D:5)
  2 withered plants (D:7)
3 creatures vanquished.

Grand Total: 217 creatures vanquished

Notes
Turn   | Place    | Note
-------+----------+-------------------------------------------
     0 | Abyss:1  | Amnesiac the Spriggan Abyssal Knight began the quest for the Orb.
     0 | Abyss:1  | Reached XP level 1. HP: 11/11 MP: 3/3
    47 | Abyss:1  | Noticed a thrashing horror
    63 | D:1      | Escaped the Abyss
    81 | D:1      | Reached skill level 1 in Stealth
   122 | D:1      | Reached * piety under Lugonu
   136 | D:2      | Reached XP level 2. HP: 9/16 MP: 4/4
   619 | D:2      | Reached XP level 3. HP: 19/19 MP: 5/5
  1048 | D:1      | Reached ** piety under Lugonu
  1156 | D:1      | Reached XP level 4. HP: 21/23 MP: 6/6
  2262 | D:3      | Noticed Jessica
  2419 | D:2      | Killed Jessica
  2456 | D:3      | Noticed Grinder
  2503 | D:3      | Reached XP level 5. HP: 26/27 MP: 7/7
  2728 | D:3      | Noticed Sigmund
  2750 | D:3      | Noticed Terence
  2867 | D:3      | Reached *** piety under Lugonu
  3035 | D:3      | Reached skill level 5 in Short Blades
  3073 | D:4      | Noticed Robin
  3636 | D:4      | Reached skill level 5 in Stealth
  3657 | D:4      | Killed Robin
  3855 | D:4      | Reached XP level 6. HP: 20/32 MP: 8/8
  4048 | D:4      | Found a glowing golden altar of the Shining One.
  4244 | D:4      | Noticed Ijyb
  4450 | D:4      | Killed Ijyb
  4450 | D:4      | Reached skill level 5 in Dodging
  4519 | D:5      | Entered Level 5 of the Dungeon
  4519 | D:5      | Noticed Blork the orc
  4536 | D:4      | Killed Blork the orc
  4641 | D:3      | Killed Sigmund
  4641 | D:3      | Reached skill level 1 in Shields
  4641 | D:3      | Reached XP level 7. HP: 10/35 MP: 9/9
  5009 | D:2      | Killed Grinder
  5039 | D:2      | Killed Terence
  5211 | D:5      | Reached **** piety under Lugonu
  5278 | D:5      | Found an ornate altar of the Wu Jian Council.
  5435 | D:5      | Reached XP level 8. HP: 35/39 MP: 10/10
  5874 | D:5      | Noticed Pikel
  5932 | D:5      | Killed Pikel
  6316 | D:5      | Got an encrusted hand axe {flame}
  6389 | D:5      | Identified the +8 hand axe "Duuguxer" {flame, rN+ SInv} (You took it off a crimson imp on level 5 of the Dungeon)
  6553 | D:6      | Reached skill level 1 in Evocations
  6556 | D:6      | Reached skill level 2 in Evocations
  6647 | D:6      | Reached skill level 3 in Evocations
  7141 | D:6      | Found a staircase to the Ecumenical Temple.
  7157 | D:6      | Found an ancient bone altar of Kikubaaqudgha.
  7172 | D:6      | Reached XP level 9. HP: 39/43 MP: 12/12
  7176 | Temple   | Entered the Ecumenical Temple
  7297 | D:6      | Reached skill level 4 in Evocations
  7341 | D:6      | Found a hazy altar of Hepliaklqana.
  7398 | D:7      | Found a runed door.
  7399 | D:7      | Noticed Zorot's ghost (novice DsCK)
  7545 | D:7      | Reached skill level 5 in Evocations
  7628 | D:7      | Found a burning altar of Makhleb.
  7659 | D:7      | Found a blossoming altar of Fedhas.
  7790 | D:7      | Noticed Joseph
  7815 | D:7      | Killed Joseph
  7815 | D:7      | Reached skill level 6 in Evocations
  7870 | D:7      | Reached skill level 7 in Evocations
  7899 | D:7      | Learned a level 1 spell: Confusing Touch
  8065 | D:6      | Reached skill level 8 in Evocations
  8101 | D:6      | Found a white marble altar of Elyvilon.
  8134 | D:6      | Learned a level 2 spell: Blink
  8138 | D:6      | Learned a level 3 spell: Mephitic Cloud
  8140 | D:6      | Learned a level 1 spell: Apportation
  8188 | D:6      | Reached ***** piety under Lugonu
  8494 | D:6      | Reached skill level 9 in Evocations
  8835 | D:6      | Found a snail-covered altar of Cheibriados.
  8853 | D:6      | Reached skill level 5 in Shields
  9018 | D:6      | Found a shimmering altar of Xom.
  9638 | D:7      | Found a bloodstained altar of Trog.
  9886 | D:8      | Reached XP level 10. HP: 34/47 MP: 17/17
 10016 | D:7      | Killed Zorot's ghost
 10141 | Abyss:2  | Noticed an apocalypse crab
 10167 | Abyss:3  | Found a corrupted altar of Lugonu.
 10247 | Abyss:3  | Noticed a Hell Sentinel
 10252 | Abyss:3  | Noticed a hell hog
 10252 | Abyss:3  | Noticed an angel
 10293 | Abyss:3  | Noticed a great orb of eyes
 10325 | Abyss:3  | Paralysed by a great orb of eyes for 4 turns
 10338 | Abyss:3  | Paralysed by a great orb of eyes for 5 turns
 10340 | Abyss:3  | Demolished by a great orb of eyes

Vault maps used:
D:1:      minmay_arrival_open_corners
D:2:      first_ration
D:3:      uniq_terence, uniq_jessica, uniq_sigmund, uniq_grinder
D:4:      nicolae_overflow_crystal_walls, uniq_ijyb, uniq_robin
D:5:      lemuel_doored_altar, minmay_misc_feat_nine_boxes,
          kennysheep_generic_room_12, uniq_pikel, uniq_blork_the_orc
D:6:      tgw_xom, nicolae_overflow_hidden_temple, grunt_temple_overflow_open,
          slow_altar_2, temple_doors_e, basic_altar, centaur_isle
D:7:      fedhas_altar_3, marbit_many_paths, overflow_temple_1_default,
          gammafunk_ghost_grave, uniq_joseph
D:8:      minmay_ornate_pinched, kennysheep_little_box,
          nicolae_qazlal_eye_of_the_storm, special_room
Temple:   kb_corrupted_temple
Abyss:2:  evilmike_abyss_exit_15
Abyss:3:  due_evilmike_abyss_rune_seething_liches

Skill      XL: |  1  2  3  4  5  6  7  8  9 10 |
---------------+-------------------------------+-----
Stealth        | 2 3 4 5 6 7 8 |  8.2
Short Blades   | 3 4 5 6 7 8 |  8.3
Invocations    | 2 |  2.0
Dodging        | 4 5 6 7 |  7.5
Shields        | 1 2 3 5 6 |  6.2
Evocations     | 3 9 |  9.1
Fighting       | |  2.4

Action                   |  1- 3 |  4- 6 |  7- 9 | 10-12 || total
-------------------------+-------+-------+-------+-------++-------
Melee: Short sword       |   136 |   127 |       |       ||   263
       Dagger            |       |   275 |   596 |    48 ||   919
       Unarmed           |       |       |     1 |     2 ||     3
 Cast: Blink             |       |       |     2 |       ||     2
       Confusing Touch   |       |       |     2 |       ||     2
       Apportation       |       |       |       |     2 ||     2
Invok: Depart the Abyss  |     1 |       |       |       ||     1
       Enter the Abyss   |       |       |       |     1 ||     1
Evoke: Wand              |       |       |    29 |     3 ||    32
  Use: Potion            |       |     1 |     3 |     4 ||     8
       Scroll            |       |     6 |    10 |       ||    16
 Stab: Sleeping          |     9 |     9 |    10 |       ||    28
       Distracted        |       |     2 |     3 |       ||     5
       Confused          |       |       |     1 |       ||     1
       Paralysed         |       |       |       |     1 ||     1
  Eat: Ration            |       |     1 |     5 |       ||     6
Armor: Robe              |    23 |    45 |    29 |       ||    97
       Skin              |       |       |       |    15 ||    15
Dodge: Dodged            |   134 |   243 |   296 |     2 ||   675
Block: Buckler           |       |    14 |   132 |     8 ||   154

Table legend:
 A = Spawn XP
 B = Non-spawn XP
 C = Spawn XP percentage of total XP
 D = Spawn monster count
 E = Non-spawn monster count
 F = Spawn count percentage of total count
 G = Total turns spent on level
                    A         B        C        D         E        F      G
               +---------+---------+-------+---------+---------+-------+---------
         Total |     196 |    6334 |   3.0 |       1 |     213 |   0.5 | 10340
               +---------+---------+-------+---------+---------+-------+---------
           D:1 |       0 |      60 |   0.0 |       0 |      31 |   0.0 |   967
           D:2 |       0 |     438 |   0.0 |       0 |      25 |   0.0 |  1774
           D:3 |       0 |     425 |   0.0 |       0 |      40 |   0.0 |  1156
           D:4 |       0 |     316 |   0.0 |       0 |      26 |   0.0 |  1492
           D:5 |       0 |    1159 |   0.0 |       0 |      30 |   0.0 |  1687
           D:6 |       0 |    1886 |   0.0 |       0 |      35 |   0.0 |  1840
           D:7 |       0 |    1796 |   0.0 |       0 |      18 |   0.0 |   890
           D:8 |       0 |     254 |   0.0 |       0 |       8 |   0.0 |   111
       Abyss:3 |     196 |       0 | 100.0 |       1 |       0 | 100.0 |   173
               +---------+---------+-------+---------+---------+-------+---------
